 Dungeon Crawl Stone Soup version 0.32-a0-630-g46d191b0ed (webtiles) character file.

Game seed: 8256071648469449899

7277 dialectric the Basher (level 10, -6/136 HPs)
             Began as a Minotaur Fighter on Mar 6, 2024.
             Mangled by a wyvern (13 damage)
             ... on level 9 of the Dungeon.
             The game lasted 00:10:16 (7587 turns).

dialectric the Basher (Minotaur Fighter)            Turns: 7587, Time: 00:10:17

Health: -6/136     AC: 25    Str: 26    XL:     10   Next: 89%
Magic:  9/9        EV:  2    Int:  7    God:
Gold:   8          SH:  0    Dex: 11    Spells: 9/9 levels left

rFire   + . .        z - +3 great mace (protect)
rCold   + + .        (shield currently unavailable)
rNeg    . . .        D - melded +0 acid dragon scales
rPois   +            (helmet currently unavailable)
rElec   .            d - melded scarf {repulsion}
rCorr   .            q - melded +2 pair of gloves
SInv    .            (boots currently unavailable)
Will    .....        f - amulet of magic regeneration
Stlth   +            p - ring of protection from cold
HPRegen 0.42/turn    H - ring "Kixipt" {rF+ rC+ Str+2 Int+2}
MPRegen 0.51/turn

%: no passive effects
@: tree-form, marked, studying Polearms
A: stationary, stasis, torment immunity, boosted hp, (horns 2), (retaliatory
headbutt)
a: no special abilities


You were on level 9 of the Dungeon.
You were a tree.
You visited 1 branch of the dungeon, and saw 9 of its levels.

You collected 143 gold pieces.
You spent 135 gold pieces at shops.

Inventory:

Hand Weapons
 a - a +0 flail
 h - a +3 trident of draining
 z - a +3 great mace of protection (weapon)
Missiles
 E - 2 throwing nets
Armour
 d - a scarf of repulsion (melded)
 q - a +2 pair of gloves (melded)
 v - a +2 buckler
 B - +0 steam dragon scales
 D - +0 acid dragon scales (melded)
Jewellery
 f - an amulet of magic regeneration (around neck)
 o - a ring of ice
 p - a ring of protection from cold (left branch)
 w - a ring of protection from fire
 H - the ring "Kixipt" (right branch) {rF+ rC+ Str+2 Int+2}
   (You bought it in a shop on level 7 of the Dungeon)

   [ring of protection from cold]

   Str+2:     It affects your strength (+2).
   Int+2:     It affects your intelligence (+2).
   rF+:       It protects you from fire.
   rC+:       It protects you from cold.
Wands
 c - a wand of polymorph (9)
 C - a wand of flame (32)
Scrolls
 i - 3 scrolls of identify
 k - a scroll of brand weapon
 l - a scroll of fog {unknown}
 m - a scroll of revelation {unknown}
 r - a scroll of immolation {unknown}
 t - a scroll of enchant armour {unknown}
 u - a scroll of blinking {unknown}
 x - 4 scrolls of noise {unknown}
 F - a scroll of poison {unknown}
Potions
 b - a potion of lignification
 e - a potion of curing
 g - a potion of ambrosia
 j - 3 potions of brilliance
 A - 2 potions of attraction


   Skills:
 - Level 9.3 Fighting
 * Level 11.0 Maces & Flails
 - Level 9.0 Armour
 + Level 9.0 Dodging
 - Level 8.3 Shields


You had 9 spell levels left.
You didn't know any spells.
Your spell library contained the following spells:

 Spells                   Type           Power      Damage    Failure   Level
 Freeze                   Ice            0%         1d3       43%         1
 Kiss of Death            Conj/Necr      0%         2d5       43%         1
 Ensorcelled Hibernation  Hex/Ice        0%         N/A       56%         2
 Confusing Touch          Hex            0%         N/A       80%         3
 Dazzling Flash           Conj/Hex       0%         N/A       80%         3
 Frozen Ramparts          Ice            0%         1d1       80%         3
 Hailstorm                Conj/Ice       0%         3d5       80%         3
 Mephitic Cloud           Conj/Alch/Air  0%         N/A       80%         3
 Passwall                 Erth           0%         N/A       80%         3
 Swiftness                Air            0%         N/A       80%         3
 Dispel Undead            Necr           0%         3d6       99%         4
 Curse of Agony           Necr           0%         N/A       100%        5
 Silence                  Hex/Air        0%         N/A       100%        5


Dungeon Overview and Level Annotations

Branches:
Dungeon (9/15)             Temple (0/1) D:6
   Lair: D:8-11         Orc: D:9-12

Altars:
Gozag
Sif Muna

Shops:
D:1 (   D:7 *

Annotations:
D:7 Maurice


Innate Abilities, Weirdness & Mutations

You are a tree.
Your roots penetrate the ground, keeping you stationary.
You cannot be teleported.
You are immune to unholy pain and torment.
Your maximum health is greatly increased.
Your equipment is partially melded.
((You have a pair of horns on your head.))
((You reflexively headbutt those who attack you in melee.))


Message History

The killer bee stings you but does no damage. x2
The wyvern bites you but does no damage.
The killer bee stings you but does no damage. x2
The wyvern bites you but does no damage.
Unknown command.
You closely miss the killer bee.
The killer bee is heavily wounded.
You feel sick.
The killer bee stings you but does no damage.
The killer bee stings you.
* * * LOW HITPOINT WARNING * * *
The killer bee stings you but does no damage. x2
The wyvern bites you!
* * * LOW HITPOINT WARNING * * *
The killer bee stings you but does no damage.
The killer bee barely misses you.
Unknown command.
You are stuck in your current form!
Unknown command.
You feel better.
The wyvern bites you but does no damage.
The killer bee stings you but does no damage.
The killer bee stings you.
* * * LOW HITPOINT WARNING * * *
The wyvern bites you but does no damage.
The killer bee stings you but does no damage. x2
You closely miss the killer bee.
The killer bee is heavily wounded.
The killer bee barely misses you.
The killer bee stings you but does no damage.
The wyvern completely misses you. The killer bee stings you.
* * * LOW HITPOINT WARNING * * *
The killer bee stings you.
* * * LOW HITPOINT WARNING * * *
The wyvern bites you but does no damage.
You closely miss the killer bee.
The killer bee is heavily wounded.
The killer bee stings you but does no damage. x2
The wyvern bites you!
You die...

. . ..# .. ..
..#..###..# .# ..
........# .# .. .[..##.#
.# #. #..##.# #.#
..##..###.)##.###..#
........)).........#####
..##..###......yyk......
..............†♣)......
..##..###..##.###.......
. #[.###..##.# .?.###. #
.........#.# ...#
#........#.# ...#
########..#.## .?.#
#.....†......##..##
########..#......#
#.........


You could see a wyvern and 2 killer bees.

Vanquished Creatures
  Harold (D:9)
  Pikel (D:6)
  Maggie (D:6)
  Jeremiah (D:7)
  A hornet (D:6)
  Sigmund (D:6)
  2 wyverns
  14 yaks
  A steam dragon (D:6)
  Menkaure (D:7)
  A water moccasin (D:7)
  An orc warrior (D:6)
  2 sky beasts
  A black bear (D:6)
  An ice beast (D:5)
  An ogre (D:6)
  A centaur (D:9)
  3 kobold brigands
  2 phantoms
  2 bullfrogs
  A scorpion (D:6)
  A gnoll sergeant (D:8)
  5 killer bees (D:9)
  6 howler monkeys
  2 bombardier beetles
  4 hounds
  A jelly (D:6)
  4 sleepcaps
  2 orc priests
  3 gnoll boudas
  3 iguanas
  3 orc wizards
  17 gnolls
  11 adders
  A white imp (D:6)
  2 ufetubi (D:6)
  4 dart slugs
  2 ribbon worms (D:2)
  20 orcs
  3 ball pythons
  9 endoplasms
  2 giant cockroaches
  13 goblins
  11 hobgoblins
  20 kobolds
  3 quokkas
  2 bats
  4 frilled lizards
  11 rats
209 creatures vanquished.

Vanquished Creatures (others)
  A scorpion (D:6)
  An orc wizard (D:9)
2 creatures vanquished.

Grand Total: 211 creatures vanquished

Notes
Turn   | Place    | Note
-------+----------+-------------------------------------------
     0 | D:1      | dialectric the Minotaur Fighter began the quest for the
                  | Orb.
     0 | D:1      | Reached XP level 1. HP: 19/19 MP: 0/0
    46 | D:1      | Found Kougg's Weapon Boutique.
   109 | D:1      | Reached XP level 2. HP: 21/27 MP: 1/1
   308 | D:1      | Reached skill level 3 in Maces & Flails
   480 | D:1      | Reached XP level 3. HP: 31/33 MP: 2/2
  1207 | D:2      | Found a faded altar of an unknown god.
  1338 | D:3      | Reached XP level 4. HP: 37/40 MP: 3/3
  1541 | D:3      | Reached skill level 1 in Dodging
  2052 | D:4      | Reached XP level 5. HP: 47/47 MP: 4/4
  2108 | D:4      | Reached skill level 4 in Maces & Flails
  2322 | D:4      | Reached skill level 5 in Fighting
  2322 | D:4      | Reached skill level 5 in Armour
  2322 | D:4      | Reached XP level 6. HP: 40/56 MP: 5/5
  2378 | D:4      | You fall into a shaft and drop 1 floor!
  2378 | D:5      | Entered Level 5 of the Dungeon
  2436 | D:5      | Noticed an ice beast
  2846 | D:5      | Killed an ice beast
  2847 | D:5      | Reached XP level 7. HP: 58/61 MP: 6/6
  2939 | D:5      | Reached skill level 5 in Maces & Flails
  3318 | D:6      | Noticed Sigmund
  3323 | D:6      | Killed Sigmund
  3324 | D:6      | Reached skill level 5 in Shields
  3377 | D:6      | Noticed a steam dragon
  3387 | D:6      | Killed a steam dragon
  3388 | D:6      | Reached skill level 5 in Dodging
  3388 | D:6      | Reached XP level 8. HP: 22/70 MP: 7/7
  3648 | D:6      | Noticed Maggie
  3660 | D:6      | Killed Maggie
  3661 | D:6      | Reached skill level 6 in Maces & Flails
  3739 | D:6      | Noticed Pikel
  3742 | D:6      | Found a shimmering blue altar of Sif Muna.
  3746 | D:6      | Killed Pikel
  3747 | D:6      | Found an opulent altar of Gozag.
  3881 | D:6      | Reached XP level 9. HP: 73/79 MP: 8/8
  3943 | D:6      | Reached skill level 7 in Maces & Flails
  4451 | D:6      | Found a staircase to the Ecumenical Temple.
  4831 | D:7      | Found Ycionije's Assorted Antiques.
  4834 | D:7      | Bought a fine bone ring for 135 gold pieces
  4834 | D:7      | Identified the ring "Kixipt" {rF+ rC+ Str+2 Int+2} (You
                  | bought it in a shop on level 7 of the Dungeon)
  4958 | D:7      | Noticed Maurice
  4982 | D:8      | Maurice stole an amulet of reflection
  4985 | D:8      | Something stole a +0 buckler
  4992 | D:8      | Something stole a +1 whip of flaming
  4996 | D:8      | Something stole 156 gold
  5473 | D:7      | Noticed Menkaure
  5476 | D:7      | Killed Menkaure
  5670 | D:7      | Noticed Jeremiah
  5714 | D:7      | Killed Jeremiah
  5715 | D:7      | Reached skill level 8 in Maces & Flails
  6375 | D:8      | Reached XP level 10. HP: 83/90 MP: 9/9
  7397 | D:9      | Reached skill level 9 in Maces & Flails
  7504 | D:9      | Reached skill level 10 in Maces & Flails
  7560 | D:9      | Noticed Harold
  7577 | D:9      | Killed Harold
  7578 | D:9      | Reached skill level 11 in Maces & Flails
  7584 | D:9      | HP: 5/136 [wyvern (12)]
  7587 | D:9      | Mangled by a wyvern

Illustrated notes

Levels and vault maps discovered:
D:1:      amcnicky_arrival_underground_garden, layout_basic, serial_shops,
          nicolae_shop_bloodbath_and_beyond
D:2:      layout_basic, nicolae_ecumenical_lake_church
D:3:      layout_basic
D:4:      minmay_skewed_foursquare, layout_cave_pools
D:5:      cheibrodos_thug_alley, layout_basic
D:6:      kennysheep_six_static_rooms, layout_basic,
          mainiacjoe_overflow_divided_tiny, minmay_temple_entry_antechambers,
          serial_co_window_serial, co_window_paths_a, co_window_paths_b,
          co_window_corner_a, co_window_corner_a, co_window_corner_a,
          co_window_of_opportunity_a, co_window_of_opportunity_b,
          co_window_corner_b, co_window_cross_3, co_window_of_opportunity_b,
          minmay_crossroads, uniq_sigmund, uniq_maggie, uniq_pikel
D:7:      layout_gridville, minmay_misc_feat_secret_circle,
          nicolae_stop_n_shop_2, uniq_maurice, uniq_jeremiah, uniq_menkaure
D:8:      layout_basic, nicolae_zig_zag_zippers
D:9:      layout_basic, nicolae_overflow_hidden_temple, david_lair_shrubbed,
          uniq_harold, uniq_erica

Skill      XL: |  1  2  3  4  5  6  7  8  9 10 |
---------------+-------------------------------+-----
Fighting       | 4 5 6 7 8 9 |  9.3
Shields        | 4 5 6 7 8 |  8.3
Armour         | 4 5 6 7 8 9 |  9.0
Maces & Flails | 3 4 5 6 8 11 | 11.0
Dodging        | 1 3 4 5 6 7 9 |  9.0

Action                     |  1- 3 |  4- 6 |  7- 9 | 10-12 || total
---------------------------+-------+-------+-------+-------++-------
  Melee: Flail             |    95 |   128 |    25 |       ||   248
         Headbutt          |    13 |    12 |    37 |    20 ||    82
         Great mace        |       |       |   196 |   130 ||   326
  Throw: Dart              |       |       |     6 |       ||     6
  Evoke: Wand              |       |       |     6 |       ||     6
    Use: Scroll            |       |     1 |    11 |     3 ||    15
         Potion            |       |       |     6 |     6 ||    12
 Armour: Scale mail        |    58 |   103 |    40 |       ||   201
         Acid dragon scale |       |       |   145 |   134 ||   279
         Steam dragon scal |       |       |     6 |       ||     6
         Skin              |       |       |       |    51 ||    51
  Dodge: Dodged            |    36 |    59 |   184 |   135 ||   414
         Repelled          |       |       |       |     1 ||     1
  Block: Buckler           |    15 |     4 |    11 |       ||    30

Table legend: (Time is in decaauts)
 A = Elapsed time spent in this place.
 B = Non-inter-level travel time spent in this place.
 C = Inter-level travel time spent in this place.
 D = Time resting spent in this place.
 E = Time spent auto-exploring this place.
 F = Levels seen in this place.
 G = Mean time per level.
                   A        B        C        D        E       F      G
               +--------+--------+--------+--------+--------+-----+--------+
         Total |   7764 |   7531 |    233 |    984 |   4871 |   9 |  862.7 |
       Dungeon |   7764 |   7531 |    233 |    984 |   4871 |   9 |  862.7 |
               +--------+--------+--------+--------+--------+-----+--------+

Top non-repeatable levels by time:
     D:8: 1455 daAuts
     D:6: 1439 daAuts
     D:7: 1070 daAuts
     D:5: 799 daAuts
     D:1: 773 daAuts
     D:3: 761 daAuts
     D:4: 638 daAuts
     D:2: 514 daAuts
     D:9: 313 daAuts
